 Dungeon Crawl Stone Soup version 0.19-a0-291-ga637243 (webtiles) character file.

2667 mistymad the Covered (level 9, -3/71 HPs)
             Began as a Human Fighter on May 27, 2016.
             Was a Believer of Qazlal.
             Slain by a killer bee (5 damage)
             ... on level 8 of the Dungeon.
             The game lasted 00:21:44 (7080 turns).

mistymad the Covered (Human Fighter)                Turns: 7080, Time: 00:21:44

Health: -3/71      AC:  9    Str: 25    XL:     9   Next: 94%
Magic:  2/2        EV:  9    Int:  6    God:    Qazlal [**....]
Gold:   272        SH: 13    Dex: 13    Spells: 0 memorised, 8 levels left

rFire  . . .     SeeInvis .     a - +0 trident
rCold  . . .     Gourm    .     M - +3 ring mail of the Castellan {rElec MR+ MP-9}
rNeg   . . .     Faith    .     c - +0 shield
rPois  +         Spirit   .     (helmet restricted)
rElec  +         Dismiss  .     (no cloak)
rCorr  +         Reflect  .     (no gloves)
SustAt .         Harm     .     (no boots)
MR     +....     Clarity  +     p - amulet of regeneration
Stlth  +.........               I - ring of poison resistance
                                h - ring of resist corrosion

@: mighty, lethally poisoned (-3 -> -5), somewhat resistant to hostile
enchantments, very unstealthy
A: antennae 1, clarity, dopey 1
a: Upheaval, Renounce Religion


You were on level 8 of the Dungeon.
You worshipped Qazlal.
Qazlal was pleased with you.
You were not hungry.

You visited 2 branches of the dungeon, and saw 9 of its levels.

You collected 272 gold pieces.

Inventory:

Hand Weapons
 a - a +0 trident (weapon)
Armour
 c - a +0 shield (worn)
 M - the +3 ring mail of the Castellan (worn) {rElec MR+ MP-9}
   (You found it on level 6 of the Dungeon)

   It insulates you from electricity.
   It affects your resistance to hostile enchantments.
   It affects your magic capacity (-9).
Jewellery
 h - a ring of resist corrosion (left hand)
 o - an uncursed ring of protection from cold
 p - an amulet of regeneration (around neck)
 D - an uncursed ring of see invisible
 I - a ring of poison resistance (right hand)
 K - an uncursed ring of protection from fire
Wands
 C - a wand of acid (0/15)
 F - a wand of confusion (11/48)
 N - a wand of teleportation (0/9)
Scrolls
 b - a scroll of holy word {unknown}
 e - 2 scrolls of teleportation
 i - 5 scrolls of identify
 l - 2 scrolls of remove curse
 n - a scroll of amnesia {unknown}
 r - a scroll of recharging {unknown}
 s - 2 scrolls of random uselessness {unknown}
 t - a scroll of fear {unknown}
 w - 2 scrolls of enchant weapon {unknown}
 y - 3 scrolls of fog {unknown}
 A - 2 scrolls of enchant armour {unknown}
 H - 3 scrolls of silence {unknown}
Potions
 g - 2 potions of heal wounds {unknown}
 j - 4 potions of curing {unknown}
 k - 2 potions of lignification {unknown}
 m - a potion of beneficial mutation {unknown}
 q - 2 potions of degeneration {unknown}
 u - a potion of haste {unknown}
 x - a potion of brilliance {unknown}
 G - a potion of mutation {unknown}
 J - 2 potions of cancellation {unknown}
Books
 E - a book of Geomancy

   Spells                             Type                      Level
   a - Sandblast                      Earth                        1
   b - Passwall                       Transmutation/Earth          2
   c - Stone Arrow                    Conjuration/Earth            3
   d - Petrify                        Transmutation/Earth          4
   e - Lee's Rapid Deconstruction     Earth                        5
 L - a book of Changes

   Spells                             Type                      Level
   a - Beastly Appendage              Transmutation                1
   b - Sticks to Snakes               Transmutation                2
   c - Spider Form                    Transmutation/Poison         3
   d - Ice Form                       Ice/Transmutation            4
   e - Blade Hands                    Transmutation                5
Comestibles
 f - 9 bread rations
 v - 2 beef jerkies
 z - 2 meat rations
 B - a slice of pizza
 O - 2 chunks of flesh


   Skills:
 + Level 6.8 Fighting
 + Level 6.4 Polearms
 + Level 7.2 Armour
 + Level 6.5 Shields
 + Level 3.8 Invocations


You had 8 spell levels left.
You didn't know any spells.

Dungeon Overview and Level Annotations

Branches:
Dungeon (8/15)             Temple (1/1) D:6
   Lair: D:8-11

Altars:
Cheibriados
Dithmenos
Elyvilon
Fedhas
Gozag
Hepliaklqana
Kikubaaqudgha
Makhleb
Nemelex Xobeh
Okawaru
Pakellas
Qazlal
Sif Muna
Trog
Ukayaw
Vehumet
Xom
Yredelemnul
Zin
The Shining One

Shops:
D:4 }   D:7 }

Annotations:
D:4 mistymad's ghost, amateur TrMo


Innate Abilities, Weirdness & Mutations

You have a pair of small antennae on your head.
You possess an exceptional clarity of mind.
You are dopey. (Int -2)


Message History

a hand axe; an orc skeleton You block the killer bee's attack. x2
You block the killer bee's attack.
The killer bee stings you but does no damage.
The killer bee barely misses you. The killer bee stings you!
* * * LOW HITPOINT WARNING * * *
You are more poisoned.
The killer bee poisons you! You block the killer bee's attack.
You take 7 damage, and have 5/71 hp.
Read which item? (? for menu, Esc to quit)
Okay, then.
Evoke which item? (* to show all) (? for menu, Esc to quit)
Zapping:
N - a wand of teleportation (will waste charges)
Press: ? - help, Shift-Dir - straight line The killer bee resists with significant effort.
Evoking this partially-identified wand wasted a few charges.
You feel sick. The killer bee stings you.
* * * LOW HITPOINT WARNING * * *
The killer bee stings you.
You die...

############
#..........#
#..........#
#..........#
#........<.#
###..........#
.........y@..#
###....)Jyy..#
........))ยง..# .
##...........#
..#######..##.###
.$............#
##........###
#.....####
#....#...#


You could see a jelly and 3 killer bees.

Vanquished Creatures
  Grinder (D:5)
  A spriggan (D:7)
  An ice beast (D:7)
  A sky beast (D:8)
  2 ogres
  A phantom (D:4)
  5 giant frogs
  3 scorpions
  5 wights (D:7)
  3 howler monkeys (D:6)
  7 crimson imps
  2 centaur zombies
  A hound (D:7)
  2 giant frog skeletons
  An orc priest (D:4)
  10 orc wizards
  3 worker ants
  A hound zombie (D:5)
  12 adders
  3 shadow imps
  An ooze (D:1)
  2 adder zombies (D:6)
  An adder skeleton (D:6)
  4 worms
  3 dart slugs
  3 giant geckos
  28 orcs
  2 giant cockroaches
  11 hobgoblins
  20 jackals
  12 kobolds
  3 quokkas
  8 bats
  3 giant newts
  12 goblins
  8 rats
186 creatures vanquished.

Vanquished Creatures (others)
  A ghoul (D:1)
  A minotaur (D:1)
  A troll (D:1)
  A spriggan (D:1)
  A vampire (D:1)
  A human (D:1)
  3 nagas (D:1)
  An ogre (D:1)
  A centaur (D:1)
  A mummy (D:1)
  3 orcs (D:1)
  4 tentacles (D:1)
  81 tentacle segments (D:1)
100 creatures vanquished.

Grand Total: 286 creatures vanquished

Notes
Turn   | Place    | Note
--------------------------------------------------------------
     0 | D:1      | mistymad the Human Fighter began the quest for the Orb.
     0 | D:1      | Reached XP level 1. HP: 18/18 MP: 1/1
     4 | D:1      | Noticed a troll
     4 | D:1      | Noticed a human
     4 | D:1      | Noticed an ogre
     4 | D:1      | Noticed a naga
     4 | D:1      | Noticed a kraken
     4 | D:1      | Noticed a vampire
     4 | D:1      | Noticed a centaur
     4 | D:1      | Noticed a ghoul
     4 | D:1      | Noticed a spriggan
     4 | D:1      | Noticed a minotaur
     4 | D:1      | Noticed a naga
     4 | D:1      | Noticed a naga
     6 | D:1      | Killed a human
     6 | D:1      | Killed an ogre
     7 | D:1      | Killed a naga
     9 | D:1      | Killed a troll
     9 | D:1      | Killed a naga
    10 | D:1      | Killed a minotaur
    10 | D:1      | Killed a vampire
    10 | D:1      | Killed a naga
    12 | D:1      | Killed a ghoul
    13 | D:1      | Killed a centaur
    13 | D:1      | Killed a spriggan
   126 | D:1      | Reached XP level 2. HP: 19/24 MP: 2/2
   467 | D:1      | Reached XP level 3. HP: 29/29 MP: 3/3
   945 | D:2      | Reached XP level 4. HP: 16/35 MP: 4/4
  1492 | D:2      | Found an oddly glowing altar of Pakellas.
  1769 | D:2      | Reached skill level 4 in Armour
  1769 | D:2      | Reached XP level 5. HP: 37/41 MP: 5/5
  1871 | D:3      | Noticed a giant frog
  1881 | D:3      | Killed a giant frog
  1976 | D:3      | Reached XP level 6. HP: 48/48 MP: 6/6
  2118 | D:3      | Noticed an ogre
  2137 | D:3      | Killed an ogre
  2390 | D:3      | Reached XP level 7. HP: 54/54 MP: 7/7
  2474 | D:3      | Found a shimmering altar of Xom.
  2747 | D:4      | Reached skill level 5 in Armour
  2772 | D:4      | Found Enousk's Gadget Emporium.
  2802 | D:4      | Noticed mistymad's ghost (amateur TrMo)
  3331 | D:4      | Found a glowing silver altar of Zin.
  3654 | D:5      | Entered Level 5 of the Dungeon
  3722 | D:5      | Found a basalt altar of Yredelemnul.
  3822 | D:5      | Found a glowing golden altar of the Shining One.
  3890 | D:5      | Reached skill level 5 in Fighting
  3890 | D:5      | Reached XP level 8. HP: 62/62 MP: 8/8
  3911 | D:5      | Noticed Grinder
  3914 | D:5      | Paralysed by Grinder for 3 turns
  3935 | D:5      | Killed Grinder
  3935 | D:5      | Reached skill level 5 in Shields
  4404 | D:4      | Found a burning altar of Makhleb.
  4405 | D:4      | Found a bloodstained altar of Trog.
  4408 | D:4      | Found an ancient bone altar of Kikubaaqudgha.
  4660 | D:4      | Reached skill level 5 in Polearms
  4833 | D:5      | Found a blossoming altar of Fedhas.
  4896 | D:5      | Found a shadowy altar of Dithmenos.
  5090 | D:6      | Found a staircase to the Ecumenical Temple.
  5109 | D:6      | Reached skill level 6 in Armour
  5116 | Temple   | Entered the Ecumenical Temple
  5139 | Temple   | Became a worshipper of Qazlal Stormbringer
  5823 | D:6      | Reached skill level 1 in Invocations
  5823 | D:6      | Reached XP level 9. HP: 64/69 MP: 9/9
  6110 | D:6      | Got a dazzling ring mail
  6121 | D:6      | Identified the +3 ring mail of the Castellan {rElec MR+ MP-9} (You found it on level 6 of the Dungeon)
  6258 | D:7      | Reached * piety under Qazlal
  6320 | D:7      | Found Rabbeoru's Gadget Shop.
  6734 | D:7      | Found a sparkling altar of Nemelex Xobeh.
  6828 | D:7      | Reached skill level 7 in Armour
  7042 | D:8      | Reached ** piety under Qazlal
  7049 | D:8      | Gained mutation: You are dopey. (Int -2) [mutagenic meat]
  7050 | D:8      | Gained mutation: You possess an exceptional clarity of mind. [mutagenic meat]
  7051 | D:8      | Gained mutation: You have a pair of small antennae on your head. [mutagenic meat]
  7080 | D:8      | HP: 2/71 [killer bee (3)]
  7080 | D:8      | Slain by a killer bee

Vault maps used:
D:1:      nicolae_arrival_kraken_aquarium_b
D:2:      first_bread, grunt_pakellas_basics
D:3:      corexii_shack_village, marbit_many_paths
D:4:      minitemple, serial_shops, nicolae_shop_behind_doors
D:5:      old_standard_altar, yredelemnul_altar_generic, kennysheep_little_box,
          grunt_dithmenos_shadows, uniq_grinder
D:6:      minmay_temple_entry_statues
D:7:      lemuel_crystal_altar, serial_shops, shop_fountains, the_bakery
D:8:      lemuel_doored_altar, tgw_kikubaaqudgha
Temple:   triangle_lava_temple_11

Skill      XL: |  1  2  3  4  5  6  7  8  9 |
---------------+----------------------------+-----
Polearms       | 3 4 5 6 |  6.4
Armour         | 4 5 6 7 |  7.2
Fighting       | 4 5 6 |  6.8
Shields        | 4 5 6 |  6.5
Invocations    | 1 3 |  3.8

Action                   |  1- 3 |  4- 6 |  7- 9 || total
-------------------------+-------+-------+-------++-------
Melee: Trident           |    94 |   259 |   677 ||  1030
Evoke: Wand              |       |       |     3 ||     3
  Use: Scroll            |       |       |     3 ||     3
       Potion            |       |       |     1 ||     1
  Eat: Chunk             |       |     6 |    17 ||    23
       Beef jerky        |       |       |     1 ||     1
Armor: Scale mail        |    41 |    77 |   158 ||   276
       Ring mail         |       |       |    48 ||    48
Dodge: Dodged            |    24 |    67 |   172 ||   263
Block: Shield            |    30 |   110 |   334 ||   474
